 Dungeon Crawl Stone Soup version 0.22.1-2-g9c5b331 (webtiles) character file.

1740 Fang the Chopper (level 9, -6/55 HPs)
             Began as a Gargoyle Berserker on Dec 17, 2018.
             Was an Elder of Trog.
             Mangled by Cetarim's ghost (13 damage)
             ... on level 4 of the Dungeon on Dec 18, 2018.
             The game lasted 00:10:23 (6761 turns).

Fang the Chopper (Gargoyle Berserker)               Turns: 6761, Time: 00:10:23

Health: -6/55      AC: 11    Str: 23    XL:     9   Next: 5%
Magic:  9/9        EV: 13    Int: 14    God:    Trog [****..]
Gold:   283        SH:  0    Dex:  9    Spells: 8/8 levels left

rFire    x . .     SeeInvis .   y - +0 war axe
rCold    . . .     Gourm    .   (no shield)
rNeg     + . .     Faith    .   l - +1 leather armour of Ru's Whim {+Inv rPois rF- Int+5} (curse)
rPois    ∞         Spirit   .   (no helmet)
rElec    +         Reflect  .   (no cloak)
rCorr    .         Harm     .   (no gloves)
MR       .....                  (no boots)
Stlth    +.........             (no amulet)
HPRegen  0.18/turn              A - ring of attention (curse)
MPRegen  0.11/turn              (no ring)

@: berserk cooldown, slowed, very slow
A: negative energy resistance 1, electricity resistance, unbreathing,
petrification resistance, rot immunity, AC +6
a: Berserk, Trog's Hand, Brothers in Arms, Renounce Religion, Evoke Invisibility


You were on level 4 of the Dungeon.
You worshipped Trog.
Trog was greatly pleased with you.
You were not hungry.

You visited 1 branch of the dungeon, and saw 6 of its levels.

You collected 283 gold pieces.

Inventory:

Hand Weapons
 y - a +0 war axe (weapon)
Armour
 a - a +0 plate armour
 l - the cursed +1 leather armour of Ru's Whim (worn) {+Inv rPois rF- Int+5}
   (You found it on level 2 of the Dungeon)

   It affects your intelligence (+5).
   It makes you vulnerable to fire.
   It protects you from poison.
   It lets you turn invisible.
   It has a curse placed upon it.
Jewellery
 A - a cursed ring of attention (left hand)
Scrolls
 d - 2 scrolls of enchant weapon {unknown}
 e - 5 scrolls of identify {unknown}
 g - 2 scrolls of amnesia {unknown}
 o - a scroll of remove curse {unknown}
 p - a scroll of blinking {unknown}
 r - 5 scrolls of fear {unknown}
 s - a scroll of immolation {unknown}
 t - a scroll of random uselessness {unknown}
 v - a scroll of enchant armour {unknown}
 w - 3 scrolls of teleportation {unknown}
 z - 2 scrolls of silence {unknown}
Potions
 b - 2 potions of degeneration {unknown}
 f - a potion of brilliance {unknown}
 h - 2 potions of agility {unknown}
 i - a potion of berserk rage {unknown}
 j - a potion of mutation {unknown}
 k - 4 potions of curing {unknown}
 m - 3 potions of heal wounds {unknown}
 n - a potion of flight {unknown}
 q - a potion of lignification {unknown}
 u - a potion of resistance {unknown}
 x - a potion of magic {unknown}
 B - a potion of cancellation {unknown}
Comestibles
 c - 4 rations


   Skills:
 + Level 6.2 Fighting
 + Level 7.7 Axes
 + Level 4.4 Armour
 + Level 4.0 Dodging
 + Level 3.4 Stealth


You had 8 spell levels left.
You didn't know any spells.
Your spell library was empty.

Dungeon Overview and Level Annotations

Branches:
Dungeon (6/15)
 Temple: D:4-7

Altars:
Ashenzari
Cheibriados
Dithmenos
Gozag
Qazlal
Ru
Sif Muna
Trog
Wu Jian
Xom
The Shining One
Beogh

Shops:
D:5 ?**

Annotations:
D:4 Cetarim's ghost, amateur MiFi


Innate Abilities, Weirdness & Mutations

You are resistant to torment.
Your stone body is resilient. (AC +6)
You are immune to poison.
You resist negative energy. (rN+)
You are resistant to electric shocks. (rElec)
You can survive without breathing.
You are immune to petrification.
You are immune to rotting.


Message History

Cetarim's ghost is severely damaged.
You are no longer berserk.
You are exhausted.
You feel yourself slow down.
Cetarim's ghost hits you but does no damage.
You hit Cetarim's ghost but do no damage.
Cetarim's ghost is severely damaged.
Cetarim's ghost hits you! x2
* * * LOW HITPOINT WARNING * * *
You are too injured to fight recklessly!
You are too injured to fight recklessly!
You are too injured to fight recklessly!
You are too injured to fight recklessly!
You are too injured to fight recklessly!
You are too injured to fight recklessly!
You are too injured to fight recklessly!
You are too injured to fight recklessly!
You are too injured to fight recklessly!
Cetarim's ghost hits you!
You die...

#.# #.#.# #.....#...##. #^#
#...# #.###.#...##.
###.########## ###.#.#...##.
#>..(#8....[_[)...8#.#.#...##.
#.#.##.........)...#...#...##.
#.#..#.#8#..8..#8#.#.......##.
#.####.###.....###.#...#...###
#.# #....#####o...#...#......
#.####.......@Wo...#.#.#..####
#....######')|######..........
#.###8.............8##....#.##
####.#
##.....#.........#....#.#
.....#
####..#########.#....#.#
.....#######..#
#(....#.#._..#.#
..............#
#.###.#.#....#.##
.....########.#
#.#...#.#........
###......##...#
#.###.#.#.#....##


You could see Cetarim's ghost and 2 orcs.

Vanquished Creatures
  A troll (D:6)
  A water moccasin (D:6)
  A sky beast (D:5)
  A phantom (D:5)
  A centaur (D:4)
  2 ogres
  2 bullfrogs (D:6)
  A scorpion (D:5)
  A howler monkey (D:4)
  A crimson imp (D:5)
  A bullfrog zombie (D:6)
  A centaur skeleton (D:6)
  A centaur zombie (D:5)
  A hound (D:6)
  3 orc wizards
  3 orc priests
  4 worker ants
  A hound skeleton (D:4)
  Robin (D:2)
  A howler monkey zombie (D:6)
  A howler monkey skeleton (D:6)
  8 adders
  6 gnolls
  A shadow imp (D:6)
  3 oozes
  An adder skeleton (D:4)
  4 worms
  2 dart slugs
  3 leopard geckos
  19 orcs
  3 ball pythons
  4 giant cockroaches
  15 goblins
  12 hobgoblins
  11 jackals
  2 quokkas
  A ball python skeleton (D:5)
  7 bats
  4 frilled lizards
  9 kobolds
  A leopard gecko skeleton (D:4)
  7 rats
153 creatures vanquished.

Notes
Turn   | Place    | Note
-------+----------+-------------------------------------------
     0 | D:1      | Fang the Gargoyle Berserker began the quest for the Orb.
     0 | D:1      | Reached XP level 1. HP: 14/14 MP: 1/1
     6 | D:1      | Noticed a polar bear
     6 | D:1      | Noticed a salamander
     6 | D:1      | Noticed a rime drake
   181 | D:1      | Reached XP level 2. HP: 16/19 MP: 2/2
   291 | D:1      | Reached skill level 3 in Axes
   416 | D:1      | Reached XP level 3. HP: 10/24 MP: 3/3
   964 | D:2      | Noticed Robin
   966 | D:2      | Reached ** piety under Trog
   976 | D:2      | Killed Robin
   976 | D:2      | Reached XP level 4. HP: 29/29 MP: 4/4
  1167 | D:2      | Found a bloodstained altar of Trog.
  1506 | D:2      | Got a shimmering leather armour
  1517 | D:2      | Identified the cursed +1 leather armour of Ru's Whim {+Inv
                  | rPois rF- Int+5} (You found it on level 2 of the Dungeon)
  1640 | D:2      | Reached skill level 1 in Stealth
  1659 | D:2      | Reached skill level 4 in Axes
  1659 | D:2      | Reached XP level 5. HP: 20/33 MP: 5/5
  2121 | D:3      | Reached *** piety under Trog
  2474 | D:3      | Reached XP level 6. HP: 39/39 MP: 6/6
  2601 | D:3      | Found a shadowy altar of Dithmenos.
  2773 | D:4      | Found a snail-covered altar of Cheibriados.
  2957 | D:4      | Reached skill level 5 in Axes
  3102 | D:4      | Found a shimmering altar of Xom.
  3116 | D:4      | Reached XP level 7. HP: 27/44 MP: 7/7
  3316 | D:4      | Reached skill level 5 in Fighting
  3576 | D:4      | Found a runed gate.
  3576 | D:4      | Noticed Cetarim's ghost (amateur MiFi)
  3577 | D:4      | Found a runed gate.
  3578 | D:4      | Found a runed gate.
  3578 | D:4      | Found a roughly hewn altar of Beogh.
  3789 | D:5      | Entered Level 5 of the Dungeon
  3890 | D:5      | Found Vosatiacs's Assorted Antiques.
  4423 | D:5      | Reached skill level 6 in Axes
  4616 | D:5      | Found Vilypry's Assorted Antiques.
  4649 | D:5      | Found a shattered altar of Ashenzari.
  5002 | D:5      | Reached XP level 8. HP: 25/49 MP: 8/8
  5481 | D:5      | Found Buademus's Magic Scroll Shop.
  5928 | D:6      | Found an opulent altar of Gozag.
  6123 | D:6      | Reached skill level 7 in Axes
  6218 | D:6      | Noticed a troll
  6229 | D:6      | Killed a troll
  6229 | D:6      | Reached **** piety under Trog
  6471 | D:6      | Reached XP level 9. HP: 49/55 MP: 9/9
  6574 | D:6      | Found an ornate altar of the Wu Jian Council.
  6574 | D:6      | Found a deep blue altar of Sif Muna.
  6575 | D:6      | Found a stormy altar of Qazlal.
  6576 | D:6      | Found a glowing golden altar of the Shining One.
  6652 | D:6      | Found a sacrificial altar of Ru.
  6761 | D:4      | Mangled by Cetarim's ghost

Skill      XL: |  1  2  3  4  5  6  7  8 |
---------------+-------------------------+-----
Axes           | 3 4 5 6 7 |  7.7
Fighting       | 4 5 6 |  6.2
Dodging        | 2 3 4 |  4.0
Stealth        | 1 2 3 |  3.4
Armour         | 3 4 |  4.4

Action                   |  1- 3 |  4- 6 |  7- 9 || total
-------------------------+-------+-------+-------++-------
Melee: Hand axe          |    89 |   229 |   169 ||   487
       War axe           |       |       |   149 ||   149
Invok: Berserk           |     1 |     3 |     3 ||     7
 Stab: Sleeping          |       |     4 |     1 ||     5
       Distracted        |       |       |     1 ||     1
  Eat: Chunk             |       |    10 |    11 ||    21
       Ration            |       |       |     2 ||     2
Armor: Animal skin       |    32 |     9 |       ||    41
       Chain mail        |       |    19 |       ||    19
       Leather armour    |       |    61 |   144 ||   205
Dodge: Dodged            |    64 |   140 |   187 ||   391
